 Dungeon Sprint DCSS version 0.20-a0-269-g17f5411 (webtiles) character file.

447 Faca the Protected (level 7, -2/61 HPs)
             Began as a Formicid Fighter on Dec 8, 2016.
             Was a Believer of Okawaru.
             Slain by a death knight
             ... wielding a +0 glaive
              (19 damage)
             ... in the Dungeon (Sprint IX: "|||||||||||||||||||||||||||||").
             The game lasted 00:02:58 (526 turns).

Faca the Protected (Formicid Fighter)                Turns: 526, Time: 00:03:00

Health: -2/61      AC: 17    Str: 23    XL:     7   Next: 24%
Magic:  6/7        EV:  7    Int:  8    God:    Okawaru [**....]
Gold:   0          SH: 11    Dex: 12    Spells: 6/6 levels left

rFire  . . .     SeeInvis +     q - +3 war axe (freeze)
rCold  . . .     Gourm    .     s - +0 plate armour
rNeg   . . .     Faith    .     c - +0 shield
rPois  .         Spirit   .     (helmet unavailable)
rElec  .         Reflect  .     (no cloak)
rCorr  .         Harm     .     r - +0 pair of gloves
MR     .....                    (no boots)
Stlth  ..........               (no amulet)
                                t - +3 ring of strength
                                u - +2 ring of protection

@: no status effects
A: permanent stasis, dig shafts and tunnels, four strong arms, antennae 3
a: Dig, Heroism, Renounce Religion


You were in the Dungeon.
You worshipped Okawaru.
Okawaru was pleased with you.
You were not hungry.

You visited 1 branch

Inventory:

Hand Weapons
 p - a +2 scimitar of flaming
 q - a +3 war axe of freezing (weapon)
Armour
 c - a +0 shield (worn)
 r - a +0 pair of gloves (worn)
 s - a +0 plate armour (worn)
Jewellery
 t - a +3 ring of strength (right hand)
 u - a +2 ring of protection (left hand)
Wands
 o - a wand of lightning (7/15)
Scrolls
 m - 3 scrolls of remove curse
 n - 2 scrolls of amnesia
Potions
 d - a potion of might
 e - 5 potions of curing
 g - a potion of heal wounds
 i - 4 potions of magic
 l - a potion of invisibility
Comestibles
 f - a bread ration


   Skills:
 + Level 7.8 Fighting
 + Level 8.4 Axes
 + Level 8.9 Armour
 + Level 0.5 Dodging
 + Level 8.9 Shields


You had 6 spell levels left.
You didn't know any spells.

Dungeon Overview and Level Annotations

Branches:
Dungeon (1/1)

Altars:
Cheibriados
Dithmenos
Elyvilon
Fedhas
Gozag
Hepliaklqana
Kikubaaqudgha
Makhleb
Nemelex Xobeh
Okawaru
Qazlal
Ru
Sif Muna
Trog
Uskayaw
Vehumet
Xom
Yredelemnul
Zin
The Shining One
Beogh
Jiyva
Lugonu


Innate Abilities, Weirdness & Mutations

You cannot be hasted, slowed, berserked, paralysed or teleported.
You can dig through walls and to a lower floor.
Your four strong arms can wield two-handed weapons with a shield.
You have a pair of large antennae on your head. (SInv)


Message History

Your body is wracked with pain!
You hit the death knight. You freeze the death knight.
The death knight is lightly wounded.
The death knight reflects your damage back at you!
You slash the death knight! You freeze the death knight.
The death knight is moderately wounded.
The death knight reflects your damage back at you!
The death knight hits you with a glaive.
You closely miss the death knight.
The death knight is lightly wounded.
You block the death knight's attack.
You completely miss the death knight.
The death knight is lightly wounded.
You hit the death knight. You freeze the death knight.
The death knight is moderately wounded.
The death knight reflects your damage back at you!
* * * LOW HITPOINT WARNING * * *
You feel like a meek peon again.
The death knight hits you with a glaive!!
You die...

▓▓▓▓▓▓▓▓▓▓▓▓▓▓▓▓▓▓▓▓▓▓▓▓
..|)[...[)).....@pnYHZh+
▓▓▓▓▓▓▓▓▓▓▓▓▓▓▓▓▓▓▓▓▓▓▓▓
{{{


{{{{{{{{ You could see a death knight, a hippogriff, a yak, a black bear, a
necrophage and an adder zombie.

Vanquished Creatures
  A troll (D)
  A sky beast (D)
  An ogre (D)
  A wight (D)
  A worker ant (D)
  An adder (D)
  An adder skeleton (D)
  An orc (D)
  A bat skeleton (D)
  A kobold (D)
  A ball python (D)
  2 frilled lizards (D)
  3 rats (D)
16 creatures vanquished.

Notes
Turn   | Place    | Note
-------+----------+-------------------------------------------
     0 | D        | Faca the Formicid Fighter began the quest for the Orb.
     0 | D        | Reached XP level 1. HP: 18/18 MP: 1/1
    97 | D        | Noticed a worker ant
    99 | D        | Killed a worker ant
    99 | D        | Reached skill level 5 in Shields
    99 | D        | Reached XP level 2. HP: 26/26 MP: 2/2
    99 | D        | Reached XP level 3. HP: 32/32 MP: 3/3
   109 | D        | Reached skill level 5 in Fighting
   109 | D        | Reached skill level 5 in Armour
   169 | D        | Found a roughly hewn altar of Beogh.
   169 | D        | Found a snail-covered altar of Cheibriados.
   169 | D        | Found a shadowy altar of Dithmenos.
   169 | D        | Found a white marble altar of Elyvilon.
   169 | D        | Found a blossoming altar of Fedhas.
   169 | D        | Found an opulent altar of Gozag.
   170 | D        | Found a hazy altar of Hepliaklqana.
   171 | D        | Found a viscous altar of Jiyva.
   172 | D        | Found an ancient bone altar of Kikubaaqudgha.
   173 | D        | Found a corrupted altar of Lugonu.
   174 | D        | Found a burning altar of Makhleb.
   175 | D        | Found a sparkling altar of Nemelex Xobeh.
   176 | D        | Found an iron altar of Okawaru.
   177 | D        | Found a stormy altar of Qazlal.
   178 | D        | Found a sacrificial altar of Ru.
   179 | D        | Found a deep blue altar of Sif Muna.
   180 | D        | Found a bloodstained altar of Trog.
   181 | D        | Found a hide-covered altar of Uskayaw.
   182 | D        | Found a radiant altar of Vehumet.
   183 | D        | Found a shimmering altar of Xom.
   184 | D        | Became a worshipper of Warmaster Okawaru
   185 | D        | Found a basalt altar of Yredelemnul.
   186 | D        | Found a glowing silver altar of Zin.
   187 | D        | Found a glowing golden altar of the Shining One.
   238 | D        | Noticed an ogre
   238 | D        | Noticed a troll
   238 | D        | Noticed a wight
   238 | D        | Noticed a sky beast
   243 | D        | Killed an ogre
   243 | D        | Reached * piety under Okawaru
   243 | D        | Reached XP level 4. HP: 16/40 MP: 4/4
   243 | D        | Reached XP level 5. HP: 18/46 MP: 5/5
   265 | D        | Reached skill level 5 in Axes
   272 | D        | Killed a troll
   272 | D        | Reached ** piety under Okawaru
   272 | D        | Reached XP level 6. HP: 18/55 MP: 6/6
   291 | D        | Killed a sky beast
   291 | D        | Reached XP level 7. HP: 17/61 MP: 7/7
   514 | D        | Noticed a death knight
   514 | D        | Noticed a yak
   514 | D        | Noticed a hippogriff
   526 | D        | Slain by a death knight

Vault maps used:
D:        linesprint

Skill      XL: |  1  2  3  4  5  6 |
---------------+-------------------+-----
Shields        | 5 6 8 |  8.9
Fighting       | 4 6 7 |  7.8
Armour         | 4 6 8 |  8.9
Axes           | 4 7 8 |  8.4
Dodging        | |  0.5

Action                   |  1- 3 |  4- 6 |  7- 9 || total
-------------------------+-------+-------+-------++-------
Melee: War axe           |    38 |    45 |    10 ||    93
Invok: Heroism           |       |       |     1 ||     1
  Use: Potion            |       |     2 |       ||     2
Armor: Scale mail        |     9 |       |       ||     9
       Plate armour      |     1 |    26 |     1 ||    28
Dodge: Dodged            |    13 |    12 |     1 ||    26
Block: Shield            |    14 |    26 |     2 ||    42
